 Dungeon Crawl Stone Soup version 0.23.2-1-ga50397a6bc (webtiles) character file.

Game seed: 9354673934393151419

60 Norn the Magician (level 4, 0/28 HPs)
             Began as an Octopode Wizard on May 4, 2019.
             Slain by a worker ant (2 damage)
             ... on level 2 of the Dungeon.
             The game lasted 00:06:28 (2338 turns).

Norn the Magician (Octopode Wizard)                 Turns: 2338, Time: 00:06:28

Health: 0/28       AC:  1    Str: 11    XL:     4   Next: 4%
Magic:  7/9        EV: 13    Int: 21    God:
Gold:   68         SH:  0    Dex: 10    Spells: 3/9 levels left

rFire    . . .     SeeInvis .   g - +0 dagger
rCold    . . .     Gourm    .   (no shield)
rNeg     . . .     Faith    .   a - +0 hat
rPois    .         Spirit   .   (no amulet)
rElec    .         Reflect  .   (no ring)
rCorr    .         Harm     .   (no ring)
MR       .....                  (no ring)
Stlth    +++.......             (no ring)
HPRegen  0.09/turn              (no ring)
MPRegen  0.11/turn              (no ring)
                                (no ring)
                                (no ring)

@: mighty, lethally poisoned (0 -> -22), very slightly contaminated
A: almost no armour, stealthy swim, amphibious, 8 rings, constrict 8, camouflage
1, gelatinous body 1
a: no special abilities


You were on level 2 of the Dungeon.
You were not hungry.

You visited 1 branch of the dungeon, and saw 2 of its levels.

You collected 68 gold pieces.

Inventory:

Hand Weapons
 g - a +0 dagger (weapon)
   (You took it off a goblin on level 1 of the Dungeon)
Armour
 a - a +0 hat (worn)
Scrolls
 b - 2 scrolls of identify {unknown}
 d - a scroll of remove curse {unknown}
Potions
 c - 2 potions of flight {unknown}
 f - a potion of ambrosia
 h - a potion of invisibility {unknown}
 i - a potion of lignification {unknown}
 j - a potion of might
Comestibles
 e - a ration {!d}


   Skills:
 + Level 1.2 Fighting
 + Level 2.5 Dodging
 - Level 2.6 Stealth
 + Level 3.3 Spellcasting
 * Level 2.4 Conjurations
 - Level 1.0 Summonings
   Level 1.0 Translocations


You had 3 spell levels left.
You knew the following spells:

 Your Spells              Type           Power        Failure   Level  Hunger
a - Magic Dart            Conj           ##..         4%          1    None
f - Mephitic Cloud        Conj/Pois/Air  #.......     28%         3    ###....
x - Call Imp              Summ           #.......     13%         2    ##.....

Your spell library contained the following spells:

 Spells                   Type           Power        Failure   Level  Hunger
 Blink                    Tloc           N/A          13%         2    ##.....
 Slow                     Hex            #.......     19%         2    ##.....
 Conjure Flame            Conj/Fire      #.......     24%         3    ###....


Dungeon Overview and Level Annotations

Branches:
Dungeon (2/15)

Altars:
Nemelex Xobeh


Innate Abilities, Weirdness & Mutations

You cannot wear most types of armour.
You are very stealthy in the water. (Stealth+)
You are amphibious.
You can wear up to eight rings at the same time.
You can use your tentacles to constrict eight enemies at once.
Your skin changes colour to match your surroundings (Stealth+).
Your rubbery body absorbs attacks. (AC +1, EV +1)


Message History

You barely miss the worker ant. You constrict the worker ant.
The worker ant bites you.
* * * LOW HITPOINT WARNING * * *
You are more poisoned.
The worker ant poisons you!
You hit the worker ant but do no damage.
You constrict the worker ant, but do no damage.
* * * LOW HITPOINT WARNING * * *
You feel sick. The worker ant bites you.
* * * LOW HITPOINT WARNING * * *
You are more poisoned.
The worker ant poisons you!
It was a potion of ambrosia.
You are confused.
You feel invigorated.
You constrict the worker ant.
* * * LOW HITPOINT WARNING * * *
You feel sick. The worker ant bites you.
* * * LOW HITPOINT WARNING * * *
You are more poisoned.
The worker ant poisons you!
You bump into the rock wall.
You constrict the worker ant, but do no damage.
* * * LOW HITPOINT WARNING * * *
You feel sick.
The worker ant bites you but does no damage.
The worker ant barely misses you.
You're too confused to move!
You constrict the worker ant.
* * * LOW HITPOINT WARNING * * *
You feel sick. The worker ant barely misses you.
You release your grip on the worker ant.
* * * LOW HITPOINT WARNING * * *
You feel sick.
You're too confused to move!
You feel sick. The worker ant barely misses you.
You bump into the rock wall.
You feel less invigorated.
You feel less confused.
You feel sick. The worker ant bites you.
You are more poisoned.
The worker ant poisons you!
A beastly little devil appears in a puff of flame.
* * * LOW HITPOINT WARNING * * *
You feel sick. The worker ant bites you!
* * * LOW HITPOINT WARNING * * *
The worker ant bites you.
* * * LOW HITPOINT WARNING * * *
Okay, then.
It was a potion of might.
You feel very mighty all of a sudden.
* * * LOW HITPOINT WARNING * * *
You feel sick. The worker ant bites you.
You die...

######...###.#
#............#
#.######.###.# . ......#
#....#...###.#.. ......#
####.#.#..##.#. ......#
............... ......#
####.#..#..#.# ......#
....<...##.#.#####.......
#######.##...#..@#.......
#............⌠.5.a..$....
#.#####.##...._..#.......
#.# #.##..>⌠.⌠.........
..# #.#.......########.
### ..........#
..........# ...........#
...........#


You could see a worker ant and a friendly crimson imp.

Vanquished Creatures
  An adder (D:2)
  2 dart slugs
  A ball python (D:1)
  6 bats
  7 giant cockroaches
  7 goblins
  6 hobgoblins
  2 quokkas (D:2)
  4 frilled lizards
  7 rats
43 creatures vanquished.

Notes
Turn   | Place    | Note
-------+----------+-------------------------------------------
     0 | D:1      | Norn the Octopode Wizard began the quest for the Orb.
     0 | D:1      | Reached XP level 1. HP: 11/11 MP: 4/4
   218 | D:1      | Reached XP level 2. HP: 15/18 MP: 0/6
   222 | D:1      | Learned a level 2 spell: Call Imp
   916 | D:1      | Reached XP level 3. HP: 22/22 MP: 4/7
  1201 | D:2      | Learned a level 3 spell: Mephitic Cloud
  1258 | D:2      | Found a sparkling altar of Nemelex Xobeh.
  1282 | D:2      | Reached skill level 1 in Fighting
  2075 | D:2      | Reached XP level 4. HP: 19/28 MP: 0/9
  2338 | D:2      | Slain by a worker ant

Skill      XL: |  1  2  3 |
---------------+----------+-----
Conjurations   | 2 |  2.4
Fighting       | 1 |  1.2
Dodging        | |  2.5
Stealth        | |  2.6
Spellcasting   | |  3.3
Summonings     | |  1.0
Translocations | |  1.0

Action                   |  1- 3 |  4- 6 || total
-------------------------+-------+-------++-------
Melee: Constrict         |     3 |     2 ||     5
       Tentacles         |     1 |     1 ||     2
       Unarmed           |     1 |       ||     1
       Dagger            |    11 |     8 ||    19
 Cast: Magic Dart        |   108 |    13 ||   121
       Call Imp          |       |     1 ||     1
  Use: Potion            |       |     2 ||     2
  Eat: Chunk             |     2 |       ||     2
       Ration            |       |     1 ||     1
Armor: Skin              |     3 |     2 ||     5
Dodge: Dodged            |    20 |    12 ||    32
